 Dungeon Crawl Stone Soup version 0.21-a0-349-g0c35859 (webtiles) character file.

184 tidbits the Charmwright (level 5, -2/43 HPs)
             Began as a Gnoll Skald on Oct 8, 2017.
             Killed from afar by an orc wizard (8 damage)
             ... with a magic dart
             ... on level 4 of the Dungeon.
             The game lasted 00:04:57 (608 turns).

tidbits the Charmwright (Gnoll Skald)                Turns: 608, Time: 00:04:58

Health: -2/43      AC:  3    Str: 13    XL:     5   Next: 63%
Magic:  2/12       EV: 14    Int: 16    God:
Gold:   84         SH:  0    Dex: 15    Spells: 3/14 levels left

rFire    . . .     SeeInvis .   a - +0 hand axe
rCold    . . .     Gourm    .   (no shield)
rNeg     . . .     Faith    .   b - +0 leather armour
rPois    .         Spirit   .   (no helmet)
rElec    .         Reflect  .   (no cloak)
rCorr    .         Harm     .   (no gloves)
MR       .....                  (no boots)
Stlth    ++........             (no amulet)
HPRegen  0.14/turn              (no ring)
MPRegen  0.13/turn              (no ring)

@: no status effects
A: distributed training, fangs 1, strong nose
a: no special abilities


You were on level 4 of the Dungeon.
You were not hungry.

You visited 1 branch of the dungeon, and saw 4 of its levels.

You collected 84 gold pieces.

Inventory:

Hand Weapons
 a - a +0 hand axe (weapon)
Missiles
 l - 4 tomahawks (quivered)
 m - 5 silver tomahawks
Armour
 b - a +0 leather armour (worn)
Scrolls
 f - a scroll of fog {unknown}
 g - a scroll of magic mapping {unknown}
 i - 2 scrolls of noise {unknown}
 j - a scroll of teleportation {unknown}
Potions
 e - a potion of flight {unknown}
 h - a potion of lignification {unknown}
 k - a potion of might {unknown}
 n - a potion of curing {unknown}
Books
 c - a book of Battle

   Spells                             Type                      Level
   a - Infusion                       Charms                       1
   b - Shroud of Golubria             Charms/Translocation         2
   c - Song of Slaying                Charms                       2
   d - Spectral Weapon                Hexes/Charms                 3
   e - Regeneration                   Charms/Necromancy            3
Comestibles
 d - a bread ration


   Skills:
 + Level 4.8 Fighting
 + Level 1.5 Short Blades
 + Level 1.5 Long Blades
 + Level 4.8 Axes
 + Level 1.5 Maces & Flails
 + Level 1.5 Polearms
 + Level 1.5 Staves
 + Level 1.5 Slings
 + Level 1.5 Bows
 + Level 1.5 Crossbows
 + Level 1.5 Throwing
 + Level 3.0 Armour
 + Level 4.8 Dodging
 + Level 1.5 Stealth
 + Level 1.5 Shields
 + Level 1.5 Unarmed Combat
 + Level 5.2 Spellcasting
 + Level 1.5 Conjurations
 + Level 1.5 Hexes
 + Level 6.7 Charms
 + Level 1.5 Summonings
 + Level 1.5 Necromancy
 + Level 1.5 Translocations
 + Level 1.5 Transmutations
 + Level 1.5 Fire Magic
 + Level 1.5 Ice Magic
 + Level 1.5 Air Magic
 + Level 1.5 Earth Magic
 + Level 1.5 Poison Magic
 + Level 1.5 Invocations
 + Level 1.5 Evocations


You had 3 spell levels left.
You knew the following spells:

 Your Spells              Type           Power        Failure   Level  Hunger
g - Shroud of Golubria    Chrm/Tloc      ###.......   5%          2    #......
i - Infusion              Chrm           ####         1%          1    None
r - Regeneration          Chrm/Necr      ###.......   11%         3    ###....
w - Spectral Weapon       Hex/Chrm       ###.....     11%         3    ###....
y - Song of Slaying       Chrm           ####....     1%          2    #......


Dungeon Overview and Level Annotations

Branches:
Dungeon (4/15)
 Temple: D:4-7

Altars:


Innate Abilities, Weirdness & Mutations

Your experience applies equally to all skills.
You have very sharp teeth.
Your uncanny sense of smell can sniff out nearby items.


Message History

Confirm with . or Enter, or press ? or * to list all spells.
Your skin crawls.
n - a coppery potion Your skin is crawling a little less now.
Your skin stops crawling.
There is a stone staircase leading down here.
You climb downwards.
There is a stone staircase leading up here.
Casting: Regeneration
Confirm with . or Enter, or press ? or * to list all spells.
You draw out your weapon's spirit!
You hit the orc. Your bite misses the orc.
The orc is moderately wounded.
Your spectral weapon hits the orc!
You kill the orc!
Things that are here:
a short sword; an orc corpse The orc shouts!
You hear an angry hiss.
The orc wizard shouts!
The jackal barks!
Found 19 gold pieces.
The orc wizard casts a spell.
The orc wizard blinks!
The orc wizard casts a spell.
The orc wizard seems to speed up.
An adder comes into view.
The jackal closely misses you.
You hit the jackal but do no damage.
Your spectral weapon hits the jackal but does no damage.
The jackal bites you but does no damage.
You slash the jackal!
You kill the jackal!
You hit the jackal but do no damage. The jackal closely misses you.
You hit the orc wizard but do no damage.
Your bite misses the orc wizard. You barely miss the jackal.
Your spectral weapon closely misses the orc wizard.
Your spectral weapon completely misses the jackal.
The orc wizard points at you and mumbles some strange words.
You resist with some effort. The jackal closely misses you.
The orc wizard gestures wildly while chanting.
The orc wizard seems to speed up.
The orc wizard hits you with a dagger. The jackal closely misses you.
You hit the orc wizard.
The orc wizard is moderately wounded.
You completely miss the jackal.
Your spectral weapon completely misses the orc wizard.
Your spectral weapon hits the jackal.
The orc wizard misses you.
The jackal barely misses your spectral weapon.
The orc wizard hits you with a dagger.
You barely miss the orc wizard.
You bite the orc wizard, but do no damage.
The orc wizard is moderately wounded.
You barely miss the jackal.
Your spectral weapon hits the orc wizard!
Your spectral weapon hits the jackal.
You kill the jackal!
The orc wizard hits you with a dagger.
* * * LOW HITPOINT WARNING * * *
You hit the orc wizard.
You kill the orc wizard!
Your Armour skill increases to level 3!
You hit the orc wizard but do no damage.
You barely miss the orc.
The orc wizard gestures at you while chanting.
The magic dart hits you!
* * * LOW HITPOINT WARNING * * *
The orc closely misses you.
The orc wizard hits you but does no damage.
You hit the orc wizard.
The orc wizard is lightly wounded.
You hit the orc but do no damage. You closely miss the adder.
Your spectral weapon hits the orc wizard but does no damage.
Your spectral weapon hits the adder but does no damage.
The orc wizard barely misses your spectral weapon.
The adder closely misses you. The orc hits you with a hand axe.
* * * LOW HITPOINT WARNING * * *
The orc wizard hits your spectral weapon with a dagger.
The adder closely misses you.
You hit the orc wizard.
The orc wizard is moderately wounded.
You closely miss the adder. You closely miss the orc.
Your spectral weapon hits the orc wizard.
Your spectral weapon barely misses the adder.
The orc hits you with a hand axe.
* * * LOW HITPOINT WARNING * * *
The orc wizard gestures at your spectral weapon while chanting.
The magic dart hits your spectral weapon.
Your spectral weapon shares its damage with you!
* * * LOW HITPOINT WARNING * * *
The adder closely misses you.
You closely miss the orc wizard.
The orc wizard is severely wounded.
You closely miss the adder. You barely miss the orc.
Your spectral weapon barely misses the orc wizard.
Your spectral weapon closely misses the adder.
The orc wizard barely misses you. The adder bites you.
* * * LOW HITPOINT WARNING * * *
The orc barely misses you. The orc wizard casts a spell at you.
The magic dart hits you!
You die...

#.# #.# #.# .. ..#
#.# .. #.# #.. .. #.#
#.# .# ###.# #.# $#
...# #.# .#
#.#####.####.##
##.......).(@o.#
#<.........oS#.# .#
#..##.##.###...# .#
#..##.##.###.####..
#..##.##).........#
#.............o...###
#.###.####..........
#.# #.# .#..#.#.# #.#
#.# #.#...h<.#


You could see an orc wizard, an adder, an orc and a friendly spectral hand axe.

Vanquished Creatures
  A howler monkey (D:3)
  3 orc wizards
  An adder (D:2)
  2 dart slugs (D:1)
  A leopard gecko (D:1)
  7 orcs
  3 bats
  2 giant cockroaches
  3 goblins
  5 hobgoblins
  5 jackals
  A frilled lizard (D:3)
  2 kobolds (D:1)
  3 rats (D:1)
39 creatures vanquished.

Notes
Turn   | Place    | Note
-------+----------+-------------------------------------------
     0 | D:1      | tidbits the Gnoll Skald began the quest for the Orb.
     0 | D:1      | Reached XP level 1. HP: 20/20 MP: 6/6
    54 | D:1      | Reached XP level 2. HP: 23/26 MP: 1/7
    58 | D:1      | Learned a level 2 spell: Song of Slaying
    61 | D:1      | Learned a level 2 spell: Shroud of Golubria
   213 | D:1      | Reached XP level 3. HP: 31/31 MP: 2/9
   224 | D:1      | Reached skill level 5 in Spellcasting
   465 | D:3      | Reached skill level 1 in Short Blades
   465 | D:3      | Reached skill level 1 in Long Blades
   465 | D:3      | Reached skill level 1 in Maces & Flails
   465 | D:3      | Reached skill level 1 in Polearms
   465 | D:3      | Reached skill level 1 in Staves
   465 | D:3      | Reached skill level 1 in Slings
   465 | D:3      | Reached skill level 1 in Bows
   465 | D:3      | Reached skill level 1 in Crossbows
   465 | D:3      | Reached skill level 1 in Throwing
   465 | D:3      | Reached skill level 1 in Stealth
   465 | D:3      | Reached skill level 1 in Shields
   465 | D:3      | Reached skill level 1 in Unarmed Combat
   465 | D:3      | Reached skill level 1 in Conjurations
   465 | D:3      | Reached skill level 1 in Hexes
   465 | D:3      | Reached skill level 1 in Summonings
   465 | D:3      | Reached skill level 1 in Necromancy
   465 | D:3      | Reached skill level 1 in Translocations
   465 | D:3      | Reached skill level 1 in Transmutations
   465 | D:3      | Reached skill level 1 in Fire Magic
   465 | D:3      | Reached skill level 1 in Ice Magic
   465 | D:3      | Reached skill level 1 in Air Magic
   465 | D:3      | Reached skill level 1 in Earth Magic
   465 | D:3      | Reached skill level 1 in Poison Magic
   465 | D:3      | Reached skill level 1 in Invocations
   465 | D:3      | Reached skill level 1 in Evocations
   465 | D:3      | Reached XP level 4. HP: 32/38 MP: 1/11
   472 | D:3      | Learned a level 3 spell: Regeneration
   476 | D:3      | Learned a level 3 spell: Spectral Weapon
   497 | D:3      | Reached XP level 5. HP: 20/43 MP: 2/12
   529 | D:3      | HP: 2/43 [orc wizard/magic dart (4)]
   605 | D:4      | Reached skill level 3 in Armour
   608 | D:4      | Killed from afar by an orc wizard

Vault maps used:
D:1:      dpeg_arrival_simpleton_c, grunt_decor_clamped
D:2:      first_bread, grunt_ministairs_7, hangedman_abyss_or_decor_lesser_grid,
          uniq_sigmund
D:3:      kennysheep_small_spiral
D:4:      okawaru_metal_pillars_1_2, uniq_menkaure, uniq_edmund

Skill      XL: |  1  2  3  4  5 |
---------------+----------------+-----
Spellcasting   | 5 |  5.2
Short Blades   | 1 |  1.5
Long Blades    | 1 |  1.5
Maces & Flails | 1 |  1.5
Polearms       | 1 |  1.5
Staves         | 1 |  1.5
Slings         | 1 |  1.5
Bows           | 1 |  1.5
Crossbows      | 1 |  1.5
Throwing       | 1 |  1.5
Stealth        | 1 |  1.5
Shields        | 1 |  1.5
Unarmed Combat | 1 |  1.5
Conjurations   | 1 |  1.5
Hexes          | 1 |  1.5
Summonings     | 1 |  1.5
Necromancy     | 1 |  1.5
Translocations | 1 |  1.5
Transmutations | 1 |  1.5
Fire Magic     | 1 |  1.5
Ice Magic      | 1 |  1.5
Air Magic      | 1 |  1.5
Earth Magic    | 1 |  1.5
Poison Magic   | 1 |  1.5
Invocations    | 1 |  1.5
Evocations     | 1 |  1.5
Armour         | 3 |  3.0
Fighting       | |  4.8
Axes           | |  4.8
Dodging        | |  4.8
Charms         | |  6.7

Action                   |  1- 3 |  4- 6 || total
-------------------------+-------+-------++-------
Melee: Hand axe          |    52 |    36 ||    88
       Bite              |     8 |     1 ||     9
 Cast: Infusion          |     9 |       ||     9
       Spectral Weapon   |       |     4 ||     4
       Regeneration      |       |     2 ||     2
 Stab: Distracted        |       |     1 ||     1
Armor: Leather armour    |     8 |     4 ||    12
Dodge: Dodged            |    44 |    23 ||    67

Table legend:
 A = Spawn XP
 B = Non-spawn XP
 C = Spawn XP percentage of total XP
 D = Spawn monster count
 E = Non-spawn monster count
 F = Spawn count percentage of total count
 G = Total turns spent on level
                    A         B        C        D         E        F      G
               +---------+---------+-------+---------+---------+-------+---------
         Total |       0 |     263 |   0.0 |       0 |      39 |   0.0 |   608
               +---------+---------+-------+---------+---------+-------+---------
           D:1 |       0 |      31 |   0.0 |       0 |      15 |   0.0 |   326
           D:2 |       0 |      16 |   0.0 |       0 |       3 |   0.0 |    79
           D:3 |       0 |     169 |   0.0 |       0 |      17 |   0.0 |   170
           D:4 |       0 |      47 |   0.0 |       0 |       4 |   0.0 |    33
               +---------+---------+-------+---------+---------+-------+---------

Table legend:
 A = Turns spent in this place as a percentage of turns spent in the entire game.
 B = Non-inter-level travel turns spent in this place as a percentage of non-inter-level travel turns spent in the entire game.
 C = Inter-level travel turns spent in this place as a percentage of turns spent in this place.
 D = Turns resting spent in this place as a percentage of non-inter-level travel turns spent in this place.
 E = Turns spent auto-exploring this place as a percentage of non-inter-level travel turns spent in this place.
 F = Non-inter-level travel turns spent in this place divided by the number of levels of this place that you've seen.
                   A       B       C       D       E      F
               +-------+-------+-------+-------+-------+----------------------
         Total | 100.0 | 100.0 |   4.9 |   0.0 |   0.0 | 144.5
       Dungeon | 100.0 | 100.0 |   4.9 |   0.0 |   0.0 | 144.5
               +-------+-------+-------+-------+-------+----------------------

Table legend:
 A = Kills in this place as a percentage of kills in entire the game.
 B = Kills by you in this place as a percentage of kills by you in the entire game.
 C = Kills by friends in this place as a percentage of kills by friends in the entire game.
 D = Other kills in this place as a percentage of other kills in the entire game.
 E = Experience gained in this place as a percentage of experience gained in the entire game.
 F = Experience gained in this place divided by the number of levels of this place that you have seen.
                   A       B       C       D       E      F
               +-------+-------+-------+-------+-------+----------------------
         Total | 100.0 | 100.0 |   N/A |   N/A | 100.0 |  65.8
       Dungeon | 100.0 | 100.0 |   N/A |   N/A | 100.0 |  65.8
               +-------+-------+-------+-------+-------+----------------------

Vault maps used:
D:1:      dpeg_arrival_simpleton_c, grunt_decor_clamped
D:2:      first_bread, grunt_ministairs_7, hangedman_abyss_or_decor_lesser_grid,
          uniq_sigmund
D:3:      kennysheep_small_spiral
D:4:      okawaru_metal_pillars_1_2, uniq_menkaure, uniq_edmund
